PL
LAS VEGAS FLAMINGOS @ NORTHERN VIRGINIA RAINBOW MERMAIDS
09/03/2034
 
TOP OF THE 1ST
Las Vegas Flamingos batting - Pitching for Northern Virginia Rainbow Mermaids : RHP Ricardo García
Pitching: RHP Ricardo García
Batting: LHB Ruud van Ineveld 0-0: Ball
1-0: Ball
2-0: SINGLE (Flyball, 8RS)
Batting: RHB Baldomero Avino 0-0: Hit by Pitch
Ruud van Ineveld to second
Batting: RHB Xavier Hernández 0-0: Grounds into double play, 1-6-3 (Groundball, 13)
Ruud van Ineveld to third
Batting: LHB Victor Adams 0-0: Ball
1-0: Ball
2-0: Hit by Pitch
Batting: LHB Ty Tomblin 0-0: Called Strike
0-1: Foul Ball, location: 2F
0-2: Strikes out looking
Top of the 1st over - 0 runs, 1 hit, 0 errors, 2 left on base; Las Vegas 0 - Northern Virginia 0
BOTTOM OF THE 1ST
Northern Virginia Rainbow Mermaids batting - Pitching for Las Vegas Flamingos : RHP Toddster Gordo
Pitching: RHP Toddster Gordo
Batting: RHB Carlos Rúbio 0-0: Called Strike
0-1: Swinging Strike
0-2: Ball
1-2: Ball
2-2: Foul Ball, location: 2F
2-2: Strikes out swinging
Batting: RHB Colt Cabana 0-0: Ball
1-0: SINGLE (Line Drive, 7LM)
Batting: SHB Eustacio Tafalla 0-0: Called Strike
0-1: Ball
1-1: Called Strike
1-2: Fly out, F7 (Flyball, 78M)
Batting: RHB Zahid Kashani 0-0: Ball
1-0: Ball
2-0: Called Strike
2-1: Foul Ball, location: 2F
2-2: Ball
3-2: Fly out, F3 (Popup, 34S)
Bottom of the 1st over - 0 runs, 1 hit, 0 errors, 1 left on base; Las Vegas 0 - Northern Virginia 0
TOP OF THE 2ND
Las Vegas Flamingos batting - Pitching for Northern Virginia Rainbow Mermaids : RHP Ricardo García
Batting: RHB Ellis Greenham 0-0: Ball
1-0: Ball
2-0: Called Strike
2-1: Ball
3-1: SINGLE (Groundball, 56D)
Batting: SHB Takashi Noda 0-0: Ball
1-0: Swinging Strike
1-1: Called Strike
1-2: Foul Ball, location: 2F
1-2: Ball
2-2: Fly out, F6 (Popup, 56)
Batting: RHB Shihei Kichikawa 0-0: Swinging Strike
0-1: Ball
1-1: 2-RUN HOME RUN (Flyball, 8LD), Distance : 439 ft
Batting: RHB Sun-jae Kwak 0-0: Called Strike
0-1: Called Strike
0-2: Ball
1-2: Strikes out swinging
Batting: LHB Ruud van Ineveld 0-0: Ground out U3 (Groundball, 3)
Top of the 2nd over - 2 runs, 2 hits, 0 errors, 0 left on base; Las Vegas 2 - Northern Virginia 0
BOTTOM OF THE 2ND
Northern Virginia Rainbow Mermaids batting - Pitching for Las Vegas Flamingos : RHP Toddster Gordo
Batting: LHB Shelby Noonan 0-0: Fly out, F8 (Flyball, 8RXD)
Batting: RHB Ray Walker 0-0: Ball
1-0: Foul Ball, location: 2F
1-1: Swinging Strike
1-2: SINGLE (Line Drive, 34D)
Batting: LHB Rio Mence 0-0: Ball
1-0: Foul Ball, location: 2F
1-1: Fielders Choice at 2nd, 3-6 (Groundball, 34)
Batting: RHB Tommy Socorro 0-0: Called Strike
0-1: Ball
1-1: Swinging Strike
1-2: Foul Ball, location: 2F
1-2: Ball
2-2: Fly out, F8 (Flyball, 8RXD)
Bottom of the 2nd over - 0 runs, 1 hit, 0 errors, 1 left on base; Las Vegas 2 - Northern Virginia 0
TOP OF THE 3RD
Las Vegas Flamingos batting - Pitching for Northern Virginia Rainbow Mermaids : RHP Ricardo García
Batting: RHB Baldomero Avino 0-0: Ball
1-0: Ball
2-0: SINGLE (Flyball, 78S)
Batting: RHB Xavier Hernández 0-0: Ball
1-0: Ball
2-0: Ball
3-0: Called Strike
3-1: Swinging Strike
3-2: Fly out, F9 (Flyball, 89D)
Batting: LHB Victor Adams 0-0: Ball
1-0: Ball
2-0: Called Strike
Balk!
Baldomero Avino to second
2-1: Ball
3-1: Called Strike
3-2: SINGLE (Groundball, 34D)
Baldomero Avino to third
Batting: LHB Ty Tomblin 0-0: Ball
1-0: Called Strike
1-1: Called Strike
1-2: SINGLE (Line Drive, 56D)
Baldomero Avino scores
Victor Adams to second
Batting: RHB Ellis Greenham 0-0: Called Strike
0-1: Called Strike
0-2: Fly out, F3 (Flyball, 34D)
Batting: SHB Takashi Noda 0-0: SINGLE (Line Drive, 8RS)
Victor Adams to third
Ty Tomblin to second
Runner from 3rd tries for Home, SAFE, no throw
Batting: RHB Shihei Kichikawa 0-0: Fielders Choice at 2nd, U6 (Groundball, 6M)
Top of the 3rd over - 2 runs, 4 hits, 0 errors, 2 left on base; Las Vegas 4 - Northern Virginia 0
BOTTOM OF THE 3RD
Northern Virginia Rainbow Mermaids batting - Pitching for Las Vegas Flamingos : RHP Toddster Gordo
Batting: LHB Bart Walton 0-0: Ball
1-0: Reached on error, E4 (Groundball, 4)
Batting: RHB Carlos Rúbio 0-0: Fly out, F7 (Line Drive, 7D)
Batting: RHB Colt Cabana 0-0: Called Strike
0-1: Swinging Strike
0-2: Ball
1-2: SINGLE (Groundball, 5D)
Bart Walton to second
Batting: SHB Eustacio Tafalla 0-0: SINGLE (Groundball, 34D)
Bart Walton to third
Colt Cabana to second
Runner from 3rd tries for Home, throw and OUT!
Batting: RHB Zahid Kashani 0-0: Called Strike
0-1: Ball
1-1: Foul Ball, location: 2F
1-2: Strikes out looking
Bottom of the 3rd over - 0 runs, 2 hits, 1 error, 2 left on base; Las Vegas 4 - Northern Virginia 0
TOP OF THE 4TH
Las Vegas Flamingos batting - Pitching for Northern Virginia Rainbow Mermaids : RHP Ricardo García
Batting: RHB Sun-jae Kwak 0-0: Ball
1-0: Ball
2-0: Ball
3-0: Called Strike
3-1: Called Strike
3-2: Strikes out swinging
Batting: LHB Ruud van Ineveld 0-0: Ball
1-0: Foul Ball, location: 2F
1-1: Ball
2-1: Ball
3-1: Foul Ball, location: 2F
3-2: Foul Ball, location: 2F
3-2: Base on Balls
Batting: RHB Baldomero Avino 0-0: Called Strike
0-1: Called Strike
0-2: Hit by Pitch
Ruud van Ineveld to second
Batting: RHB Xavier Hernández 0-0: Ball
Ruud van Ineveld steals 3rd base
1-0: Ball
2-0: Foul Ball, location: 2F
2-1: Ball
3-1: Called Strike
3-2: Grounds into double play, 6-4-3 (Groundball, 56)
Top of the 4th over - 0 runs, 0 hits, 0 errors, 1 left on base; Las Vegas 4 - Northern Virginia 0
BOTTOM OF THE 4TH
Northern Virginia Rainbow Mermaids batting - Pitching for Las Vegas Flamingos : RHP Toddster Gordo
Batting: LHB Shelby Noonan 0-0: Ball
1-0: Ball
2-0: Ball
3-0: Foul Ball, location: 2F
3-1: Called Strike
3-2: Foul Ball, location: 2F
3-2: Base on Balls
Batting: RHB Ray Walker 0-0: Ball
1-0: Ball
2-0: Fielders Choice at 2nd, 1-6 (Groundball, P)
Batting: LHB Rio Mence 0-0: Ball
1-0: Foul Ball, location: 2F
1-1: Swinging Strike
1-2: Ball
2-2: Foul Ball, location: 2F
2-2: Ball
3-2: Strikes out swinging
Batting: RHB Tommy Socorro 0-0: Called Strike
0-1: Ball
1-1: Ball
Ray Walker is caught stealing 2nd base
Bottom of the 4th over - 0 runs, 0 hits, 0 errors, 0 left on base; Las Vegas 4 - Northern Virginia 0
TOP OF THE 5TH
Las Vegas Flamingos batting - Pitching for Northern Virginia Rainbow Mermaids : RHP Ricardo García
Batting: LHB Victor Adams 0-0: Fly out, F8 (Flyball, 8LS)
Batting: LHB Ty Tomblin 0-0: Ball
1-0: Ground out 5-3 (Groundball, 5)
Batting: RHB Ellis Greenham 0-0: Called Strike
0-1: Foul Ball, location: 2F
0-2: Ground out 3-1 (Groundball, 34)
Top of the 5th over - 0 runs, 0 hits, 0 errors, 0 left on base; Las Vegas 4 - Northern Virginia 0
BOTTOM OF THE 5TH
Northern Virginia Rainbow Mermaids batting - Pitching for Las Vegas Flamingos : RHP Toddster Gordo
Batting: RHB Tommy Socorro 0-0: Called Strike
0-1: SINGLE (Groundball, 34D)
Batting: LHB Bart Walton 0-0: Foul Ball, location: 2F
0-1: Ball
1-1: Ball
2-1: DOUBLE (Groundball, 5L)
Tommy Socorro to third
Runner from 3rd tries for Home, SAFE, no throw
Batting: RHB Carlos Rúbio 0-0: Ground out 5-3 (Groundball, 56)
Batting: RHB Colt Cabana 0-0: Called Strike
0-1: Foul Ball, location: 2F
0-2: Ball
1-2: Ball
2-2: 2-RUN HOME RUN (Flyball, 78XD), Distance : 415 ft
Batting: SHB Eustacio Tafalla 0-0: Fly out, F8 (Flyball, 8RS)
Batting: RHB Zahid Kashani 0-0: Fly out, F8 (Flyball, 8LXD)
Bottom of the 5th over - 3 runs, 3 hits, 0 errors, 0 left on base; Las Vegas 4 - Northern Virginia 3
TOP OF THE 6TH
Las Vegas Flamingos batting - Pitching for Northern Virginia Rainbow Mermaids : RHP Ricardo García
Batting: SHB Takashi Noda 0-0: Ground out 4-3 (Groundball, 34D)
Batting: RHB Shihei Kichikawa 0-0: Ball
1-0: TRIPLE (Line Drive, 7D)
Batting: RHB Sun-jae Kwak 0-0: Called Strike
0-1: Ball
1-1: Ball
2-1: Foul Ball, location: 2F
2-2: Foul Ball, location: 2F
2-2: Strikes out looking
Batting: LHB Ruud van Ineveld 0-0: Ball
1-0: Called Strike
1-1: Swinging Strike
1-2: Foul Ball, location: 2F
1-2: Foul Ball, location: 2F
1-2: Ball
2-2: Strikes out swinging
Top of the 6th over - 0 runs, 1 hit, 0 errors, 1 left on base; Las Vegas 4 - Northern Virginia 3
BOTTOM OF THE 6TH
Northern Virginia Rainbow Mermaids batting - Pitching for Las Vegas Flamingos : RHP Toddster Gordo
Batting: LHB Shelby Noonan 0-0: Swinging Strike
0-1: Ball
1-1: Ball
2-1: Ball
3-1: Called Strike
3-2: Strikes out swinging
Batting: RHB Ray Walker 0-0: Ball
1-0: Called Strike
1-1: Foul Ball, location: 2F
1-2: Ground out 3-1 (Groundball, 34)
Batting: LHB Rio Mence 0-0: Called Strike
0-1: Ball
1-1: Ball
2-1: SOLO HOME RUN (Flyball, 9LD), Distance : 350 ft
Batting: RHB Tommy Socorro 0-0: Swinging Strike
0-1: Foul Ball, location: 2F
0-2: Ball
1-2: Strikes out looking
Bottom of the 6th over - 1 run, 1 hit, 0 errors, 0 left on base; Las Vegas 4 - Northern Virginia 4
TOP OF THE 7TH
Las Vegas Flamingos batting - Pitching for Northern Virginia Rainbow Mermaids : RHP Ricardo García
Batting: RHB Baldomero Avino 0-0: Ball
1-0: Ball
2-0: Called Strike
2-1: Foul Ball, location: 2F
2-2: Foul Ball, location: 2F
2-2: Ground out 5-3 (Groundball, 56)
Pitching: RHP Mat Tengku
Batting: RHB Xavier Hernández 0-0: Foul Ball, location: 2F
0-1: Called Strike
0-2: Strikes out swinging
Batting: LHB Victor Adams 0-0: Called Strike
0-1: Ball
1-1: Ball
2-1: Fly out, F9 (Flyball, 9S)
Top of the 7th over - 0 runs, 0 hits, 0 errors, 0 left on base; Las Vegas 4 - Northern Virginia 4
BOTTOM OF THE 7TH
Northern Virginia Rainbow Mermaids batting - Pitching for Las Vegas Flamingos : RHP Toddster Gordo
Batting: LHB Bart Walton 0-0: Fly out, F9 (Flyball, 9LS)
Batting: RHB Carlos Rúbio 0-0: Ball
1-0: DOUBLE (Line Drive, 7LM)
Batting: RHB Colt Cabana 0-0: Ball
1-0: Foul Ball, location: 2F
1-1: Foul Ball, location: 2F
1-2: Ball
2-2: Foul Ball, location: 2F
2-2: Foul Ball, location: 2F
2-2: Fly out, F8 (Flyball, 8LS)
Pitching: RHP Gilberto Medina
Batting: SHB Eustacio Tafalla 0-0: Swinging Strike
0-1: Ball
1-1: Ball
2-1: Foul Ball, location: 2F
2-2: Fly out, F3 (Popup, 34S)
Bottom of the 7th over - 0 runs, 1 hit, 0 errors, 1 left on base; Las Vegas 4 - Northern Virginia 4
TOP OF THE 8TH
Las Vegas Flamingos batting - Pitching for Northern Virginia Rainbow Mermaids : RHP Mat Tengku
Batting: LHB Ty Tomblin 0-0: Ball
1-0: Ball
2-0: Ball
3-0: Base on Balls
Batting: RHB Ellis Greenham 0-0: Sac Bunt - play at first, batter OUT! 1-4
Ty Tomblin to second
Batting: SHB Takashi Noda 0-0: Intentional Walk
Pinch Hitting: SHB Glyn Bolasky 0-0: Foul Ball, location: 2F
0-1: Ball
Ty Tomblin steals 3rd base
Takashi Noda to second
1-1: Intentional Walk
Batting: RHB Sun-jae Kwak 0-0: Ball
1-0: Ball
2-0: Ball
3-0: Base on Balls
Ty Tomblin scores
Takashi Noda to third
Glyn Bolasky to second
Batting: LHB Ruud van Ineveld 0-0: Called Strike
0-1: Ball
1-1: Swinging Strike
1-2: Ball
2-2: Ball
Wild Pitch!
Takashi Noda scores
Glyn Bolasky to third
Sun-jae Kwak to second
3-2: Base on Balls
Pitching: RHP Raúl Flores
Batting: RHB Baldomero Avino 0-0: Ball
1-0: Swinging Strike
1-1: Foul Ball, location: 2F
1-2: DOUBLE (Line Drive, 78D)
Glyn Bolasky scores
Sun-jae Kwak scores
Ruud van Ineveld to third
Runner from 3rd tries for Home, SAFE, no throw
Batting: RHB Xavier Hernández 0-0: Called Strike
0-1: Foul Ball, location: 2F
0-2: Fly out, F8 (Flyball, 8LM)
Pitching: RHP Jack Salt
Batting: LHB Victor Adams 0-0: Called Strike
0-1: Ball
1-1: Ball
2-1: Ball
3-1: Base on Balls
Batting: LHB Ty Tomblin 0-0: Called Strike
0-1: Swinging Strike
0-2: Ground out 4-3 (Groundball, 4)
Top of the 8th over - 5 runs, 1 hit, 0 errors, 2 left on base; Las Vegas 9 - Northern Virginia 4
BOTTOM OF THE 8TH
Northern Virginia Rainbow Mermaids batting - Pitching for Las Vegas Flamingos : RHP Gilberto Medina
Now at 3B: Sake van Arem
Batting: RHB Zahid Kashani 0-0: Called Strike
0-1: Ball
1-1: Foul Ball, location: 2F
1-2: Strikes out swinging
Batting: LHB Shelby Noonan 0-0: Called Strike
0-1: Swinging Strike
0-2: Foul Ball, location: 2F
0-2: Ball
1-2: Ground out U3 (Groundball, 3)
Batting: RHB Ray Walker 0-0: Swinging Strike
0-1: Swinging Strike
0-2: Ball
1-2: Strikes out swinging
Bottom of the 8th over - 0 runs, 0 hits, 0 errors, 0 left on base; Las Vegas 9 - Northern Virginia 4
TOP OF THE 9TH
Las Vegas Flamingos batting - Pitching for Northern Virginia Rainbow Mermaids : RHP Jack Salt
Batting: RHB Ellis Greenham 0-0: Called Strike
0-1: Called Strike
0-2: Strikes out looking
Batting: SHB Takashi Noda 0-0: Ball
1-0: SINGLE (Flyball, 6D)
Batting: RHB Sake van Arem 0-0: Ball
1-0: Ball
2-0: SINGLE (Groundball, 4MS) (infield hit)
Takashi Noda to second
Batting: RHB Sun-jae Kwak 0-0: Swinging Strike
0-1: Swinging Strike
0-2: Strikes out swinging
Batting: LHB Ruud van Ineveld 0-0: Ball
1-0: Called Strike
1-1: Ground out 4-3 (Groundball, 4)
Top of the 9th over - 0 runs, 2 hits, 0 errors, 2 left on base; Las Vegas 9 - Northern Virginia 4
BOTTOM OF THE 9TH
Northern Virginia Rainbow Mermaids batting - Pitching for Las Vegas Flamingos : RHP Gilberto Medina
Batting: LHB Rio Mence 0-0: Called Strike
0-1: Ball
1-1: Ball
2-1: Ball
3-1: Called Strike
3-2: Strikes out swinging
Batting: RHB Tommy Socorro 0-0: Fly out, F9 (Flyball, 9S)
Batting: LHB Bart Walton 0-0: Ball
1-0: Ground out 1-3 (Groundball, 13S)
Bottom of the 9th over - 0 runs, 0 hits, 0 errors, 0 left on base; Las Vegas 9 - Northern Virginia 4
Friday, March 29th, 2019 - OOTP Baseball 18.8 Build 76